 Dungeon Crawl Stone Soup version 0.19.1-1-g22dce08 (webtiles) character file.

8295 Nebel the Protected (level 11, -9/104 HPs)
             Began as a Minotaur Fighter on Jan 9, 2017.
             Was an Elder of Okawaru.
             Killed from afar by a battlesphere (11 damage)
             ... created by Vajrapani's ghost
             ... on level 1 of the Lair of Beasts.
             The game lasted 00:40:34 (11275 turns).

Nebel the Protected (Minotaur Fighter)             Turns: 11275, Time: 00:40:36

Health: -9/104     AC: 22    Str: 24    XL:     11   Next: 8%
Magic:  9/10       EV: 10    Int:  5    God:    Okawaru [****..]
Gold:   237        SH: 14    Dex: 10    Spells: 0 memorised, 10 levels left

rFire  . . .     SeeInvis .     g - +2 spear (flame)
rCold  . . .     Gourm    .     S - +0 plate armour
rNeg   . . .     Faith    .     c - +0 shield
rPois  .         Spirit   .     (helmet restricted)
rElec  .         Reflect  .     B - +0 cloak
rCorr  .         Harm     .     R - +0 pair of gloves
MR     .....                    (no boots)
Stlth  ..........               (no amulet)
                                (no ring)
                                (no ring)

@: heroism
A: retaliatory headbutt, horns 2
a: Heroism, Renounce Religion


You were on level 1 of the Lair of Beasts.
You worshipped Okawaru.
Okawaru was greatly pleased with you.
You were not hungry.

You visited 3 branches of the dungeon, and saw 11 of its levels.

You collected 501 gold pieces.
You spent 264 gold pieces at shops.

Inventory:

Hand Weapons
 a - a +0 flail
 g - a +2 spear of flaming (weapon)
 G - a +0 battleaxe
Armour
 b - a +0 scale mail
 c - a +0 shield (worn)
 B - a +0 cloak (worn)
 R - a +0 pair of gloves (worn)
 S - a +0 plate armour (worn)
Jewellery
 m - an uncursed ring of wizardry {unknown}
 z - an uncursed ring of protection from cold {unknown}
 Q - an uncursed amulet of rage {unknown}
Wands
 d - a wand of disintegration (2/24)
 j - a wand of teleportation (5/9)
 k - a wand of paralysis (16/24)
 s - a wand of acid (8/15)
 v - a wand of flame (31/48)
 F - a wand of confusion (18/48)
 H - a wand of disintegration (17/24)
 T - a wand of slowing (12/48)
Scrolls
 e - 8 scrolls of remove curse
 l - a scroll of random uselessness {unknown}
 o - 2 scrolls of noise {unknown}
 p - 3 scrolls of identify
 r - 2 scrolls of fog {unknown}
 t - a scroll of teleportation {unknown}
 w - 3 scrolls of enchant weapon {unknown}
 x - a scroll of amnesia {unknown}
 y - 3 scrolls of recharging {unknown}
 C - a scroll of fear {unknown}
 E - a scroll of enchant armour {unknown}
 I - a scroll of blinking {unknown}
 K - a scroll of silence {unknown}
 V - a scroll of vulnerability {unknown}
Potions
 n - 3 potions of magic
 u - a potion of cure mutation
 J - 2 potions of mutation {unknown}
 L - a potion of flight
 M - a potion of invisibility {unknown}
 N - a potion of brilliance
 O - a potion of agility {unknown}
Books
 A - a book of Minor Magic

   Spells                             Type                      Level
   a - Magic Dart                     Conjuration                  1
   b - Blink                          Translocation                2
   c - Call Imp                       Summoning                    2
   d - Repel Missiles                 Charms/Air                   2
   e - Slow                           Hexes                        2
   f - Conjure Flame                  Conjuration/Fire             3
   g - Mephitic Cloud                 Conjuration/Poison/Air       3
 D - a book of Power

   Spells                             Type                      Level
   a - Fulminant Prism                Conjuration/Hexes            4
   b - Iskenderun's Mystic Blast      Conjuration                  4
   c - Venom Bolt                     Conjuration/Poison           5
   d - Bolt of Magma                  Conjuration/Fire/Earth       5
   e - Iron Shot                      Conjuration/Earth            6
   f - Orb of Destruction             Conjuration                  7
   g - Spellforged Servitor           Conjuration/Summoning        7
 P - a book of Enchantments

   Spells                             Type                      Level
   a - Cause Fear                     Hexes                        4
   b - Yara's Violent Unravelling     Hexes/Transmutation          5
   c - Silence                        Hexes/Air                    5
   d - Deflect Missiles               Charms/Air                   6
   e - Discord                        Hexes                        8
Comestibles
 f - 11 bread rations
 h - 4 beef jerkies
 i - 5 slices of pizza
 q - 4 meat rations
 U - 3 chunks of flesh


   Skills:
 - Level 12.2(17.2) Fighting
 - Level 2.4(7.4) Maces & Flails
 - Level 14.0(19.0) Armour
 + Level 9.6(14.6) Shields


You had 10 spell levels left.
You didn't know any spells.

Dungeon Overview and Level Annotations

Branches:
Dungeon (9/15)             Temple (1/1) D:7            Lair (1/6) D:9
    Orc: D:9-12

Altars:
Ashenzari
Cheibriados
Dithmenos
Elyvilon
Fedhas
Gozag
Kikubaaqudgha
Makhleb
Nemelex Xobeh
Okawaru
Qazlal
Trog
Uskayaw
Vehumet
Xom
Zin

Shops:
D:7 (   D:8 *=

Annotations:
D:4 Pikel
D:5 Prince Ribbit
Lair:1 Vajrapani's ghost, journeyman TeCj


Innate Abilities, Weirdness & Mutations

You reflexively headbutt those who attack you in melee.
You have a pair of horns on your head.


Message History

Vajrapani's ghost is almost destroyed.
Vajrapani's ghost gestures at you while chanting.
The orb of energy hits you!
* * * LOW HITPOINT WARNING * * *
The orb of energy explodes!
The battlesphere fires!
The barrage of energy hits you!
* * * LOW HITPOINT WARNING * * *
Okay, then.
You hit Vajrapani's ghost. You burn Vajrapani's ghost.
Your headbutt misses Vajrapani's ghost.
Vajrapani's ghost is almost destroyed.
Vajrapani's ghost hits you but does no damage.
You hit Vajrapani's ghost. You burn Vajrapani's ghost.
Vajrapani's ghost is almost destroyed.
Vajrapani's ghost casts a spell at you. The orb of energy hits you!
* * * LOW HITPOINT WARNING * * *
The orb of energy explodes!
The battlesphere fires!
The barrage of energy hits you!
You die...

#### ##########
##.#.## #........#
#.)...# #.......P#
##.....# #.......##
P.....+ #........#
#..*..# ##.......####
#.....##
#........'..###......#
##<......P#...@W....##
#.......######.....#
#.......# #.#P'.#
#.......# ###..##
.####+P## #.## ## .##
#.# +# W.# .... W....


You could see a battlesphere and Vajrapani's ghost.

Vanquished Creatures
  A hydra (D:7)
  The ghost of ponk the Cleaver, a novice HOFi of Nemelex Xobeh (D:7)
  An ugly thing (D:8)
  Maurice (D:9)
  Joseph (D:9)
  A troll (D:9)
  A two-headed ogre (D:8)
  A hippogriff (D:7)
  Eustachio (D:4)
  A spriggan (D:7)
  Sigmund (D:4)
  A wyvern (D:9)
  2 hungry ghosts (D:9)
  A porcupine (Lair:1)
  3 ice beasts
  4 sky beasts
  A black bear (D:9)
  An orc warrior (D:9)
  4 ogres
  8 centaurs
  4 phantoms
  7 bullfrogs
  2 scorpions
  3 wights (D:7)
  An electric eel (D:6)
  A crimson imp (D:6)
  2 bullfrog zombies
  A quasit (D:9)
  8 orc priests
  7 hounds
  A jelly (D:7)
  A bullfrog skeleton (D:7)
  Crazy Yiuf (D:4)
  4 iguanas
  9 orc wizards
  9 worker ants
  A hound skeleton (D:8)
  A worker ant zombie (D:7)
  Robin (D:4)
  9 gnolls
  13 adders
  3 shadow imps
  3 oozes
  2 worms
  4 dart slugs
  3 leopard geckos
  16 orcs
  7 bats
  7 giant cockroaches
  13 goblins
  7 hobgoblins
  6 jackals
  5 quokkas
  3 frilled lizards
  A giant cockroach zombie (D:6)
  A jackal zombie (D:8)
  11 kobolds
  A leopard gecko skeleton (D:5)
  5 rats
220 creatures vanquished.

Vanquished Creatures (others)
  A plant (D:6)
1 creature vanquished.

Grand Total: 221 creatures vanquished

Notes
Turn   | Place    | Note
-------+----------+-------------------------------------------
     0 | D:1      | Nebel the Minotaur Fighter began the quest for the Orb.
     0 | D:1      | Reached XP level 1. HP: 19/19 MP: 0/0
    77 | D:1      | Reached XP level 2. HP: 27/27 MP: 1/1
   499 | D:1      | Reached skill level 5 in Fighting
   653 | D:2      | Reached XP level 3. HP: 25/36 MP: 2/2
  1080 | D:2      | Reached XP level 4. HP: 33/44 MP: 3/3
  1242 | D:2      | Found a burning altar of Makhleb.
  1436 | D:2      | Found a hide-covered altar of Uskayaw.
  1436 | D:2      | Found a radiant altar of Vehumet.
  1519 | D:3      | Noticed a sky beast
  1538 | D:3      | Killed a sky beast
  1538 | D:3      | Reached XP level 5. HP: 25/52 MP: 4/4
  2000 | D:3      | Found a white marble altar of Elyvilon.
  2000 | D:3      | Found a glowing silver altar of Zin.
  2141 | D:4      | Found a shadowy altar of Dithmenos.
  2142 | D:4      | Noticed a slave
  2142 | D:4      | Noticed a slave
  2143 | D:4      | Noticed Pikel
  2143 | D:4      | Noticed a slave
  2144 | D:4      | Noticed a slave
  2179 | D:4      | Found a blossoming altar of Fedhas.
  2200 | D:4      | Noticed an ogre
  2208 | D:4      | Killed an ogre
  2208 | D:4      | Reached skill level 4 in Armour
  2208 | D:4      | Reached XP level 6. HP: 31/61 MP: 5/5
  2397 | D:4      | Reached skill level 5 in Armour
  2414 | D:4      | Noticed Sigmund
  2419 | D:4      | Killed Sigmund
  2419 | D:4      | Reached skill level 6 in Armour
  2514 | D:4      | Noticed Eustachio
  2713 | D:4      | Reached XP level 7. HP: 47/68 MP: 6/6
  2865 | D:4      | Found a stormy altar of Qazlal.
  2926 | D:4      | Reached skill level 7 in Armour
  2942 | D:4      | Found a shimmering altar of Xom.
  3341 | D:4      | Killed Eustachio
  3341 | D:4      | Reached skill level 8 in Armour
  3397 | D:4      | Noticed Robin
  3406 | D:4      | Killed Robin
  3499 | D:4      | Found a runed door.
  3552 | D:4      | Noticed Crazy Yiuf
  3555 | D:4      | Killed Crazy Yiuf
  3707 | D:4      | Reached skill level 9 in Armour
  3814 | D:5      | Entered Level 5 of the Dungeon
  3839 | D:5      | Reached XP level 8. HP: 26/74 MP: 7/7
  4148 | D:5      | Reached skill level 10 in Armour
  4178 | D:5      | Found a sparkling altar of Nemelex Xobeh.
  4477 | D:5      | Noticed Prince Ribbit
  4977 | D:5      | Reached skill level 11 in Armour
  6215 | D:6      | Reached skill level 12 in Armour
  6327 | D:6      | Reached XP level 9. HP: 74/81 MP: 8/8
  6359 | D:6      | Found a snail-covered altar of Cheibriados.
  7082 | D:6      | Reached skill level 13 in Armour
  7276 | D:7      | Found Cuhugrev's Antique Weapon Shoppe.
  7312 | D:7      | Found a staircase to the Ecumenical Temple.
  7331 | Temple   | Entered the Ecumenical Temple
  7345 | Temple   | Became a worshipper of Warmaster Okawaru
  7650 | D:7      | Reached skill level 14 in Armour
  7809 | D:7      | Noticed ponk's ghost (novice HOFi)
  7824 | D:7      | Noticed a five-headed hydra
  7873 | D:7      | Killed ponk's ghost
  7873 | D:7      | Reached * piety under Okawaru
  7876 | D:7      | Reached skill level 10 in Fighting
  7879 | D:7      | Reached ** piety under Okawaru
  7879 | D:7      | Reached XP level 10. HP: 57/93 MP: 9/9
  8284 | D:7      | Killed a five-headed hydra
  8294 | D:7      | Reached *** piety under Okawaru
  8822 | D:8      | Found Mawer's Assorted Antiques.
  8833 | D:8      | Bought a scroll of identify for 60 gold pieces
  8833 | D:8      | Bought a tubular pearl ring for 150 gold pieces
  8913 | D:8      | Found an opulent altar of Gozag.
  8918 | D:8      | Found Kerum's Jewellery Boutique.
  8946 | D:8      | Bought a cursed ring of teleportation for 54 gold pieces
  9373 | D:8      | Reached skill level 5 in Shields
  9713 | D:9      | Found a staircase to the Lair.
  9881 | D:9      | Noticed a white ugly thing
  9934 | D:8      | Killed a white ugly thing
  9934 | D:8      | Reached **** piety under Okawaru
 10300 | D:9      | Found a shattered altar of Ashenzari.
 10470 | D:9      | Noticed Joseph
 10470 | D:9      | Paralysed by Joseph for 5 turns
 10484 | D:9      | Killed Joseph
 10802 | D:9      | Noticed Maurice
 10815 | D:9      | Killed Maurice
 10815 | D:9      | Reached XP level 11. HP: 104/104 MP: 7/10
 11143 | D:9      | Found a snail-covered altar of Cheibriados.
 11192 | Lair:1   | Entered Level 1 of the Lair of Beasts
 11231 | Lair:1   | Noticed Vajrapani's ghost (journeyman TeCj)
 11275 | Lair:1   | HP: 2/104 [Vajrapani's ghost/orb of energy (21)]
 11275 | Lair:1   | Killed from afar by a battlesphere

Skill      XL: |  1  2  3  4  5  6  7  8  9 10 |
---------------+-------------------------------+-----
Fighting       | 4 5 6 7 8 10 12 | 12.2
Armour         | 4 6 9 12 14 | 14.0
Shields        | 9 |  9.6
Maces & Flails | |  2.4

Action                   |  1- 3 |  4- 6 |  7- 9 | 10-12 || total
-------------------------+-------+-------+-------+-------++-------
Melee: Flail             |   101 |   117 |     3 |       ||   221
       Headbutt          |    17 |    21 |    76 |    75 ||   189
       Spear             |       |       |   401 |   354 ||   755
Invok: Heroism           |       |       |       |     6 ||     6
  Use: Potion            |       |     1 |    12 |     4 ||    17
       Scroll            |       |       |     2 |     1 ||     3
  Eat: Chunk             |     1 |     5 |    17 |    13 ||    36
       Beef jerky        |       |       |       |     1 ||     1
Armor: Scale mail        |    41 |    45 |   141 |   100 ||   327
       Plate armour      |       |       |       |    39 ||    39
       Skin              |       |       |       |     7 ||     7
Dodge: Dodged            |    29 |    38 |   102 |    88 ||   257
Block: Shield            |    50 |    54 |   154 |   182 ||   440
